[ AOE2 MATCH · #513683757 ]
UnrankedGeorgians vs Portuguese
Player's team · WIN
[ REPLAY ANALYSIS · EXTRACTED FROM THE RECORDED GAME ]
Feudal
11:00
Castle
14:37
Imperial
—
| APM avg | 41.5 |
| APM peak | 126 |
| eAPM avg | 24.0 |
| Villagers / military | 78 / 34 |
Focus
⚔️ 30.0% · 🌾 70.0%
Knight ×12 · Monk ×11 · Spearman ×10 · Mangonel ×1
Feudal
10:04
Castle
21:44
Imperial
—
| APM avg | 27.5 |
| APM peak | 49 |
| eAPM avg | 15.7 |
| Villagers / military | 96 / 45 |
Focus
⚔️ 23.0% · 🌾 77.0%
Scout Cavalry ×18 · Militia ×9 · Knight ×8 · Battering Ram ×7 · Monk ×3
Match map
Initial resources + every placement click. Lines = walls · curves = elevation contours. ◆ gold · ⬟ stone · ● berries · ✦ relic · ◌ wall gap
Your base· Open — unwalled flank
Killerqueen's base· Open — unwalled flank
Smoothed initial terrain · ◌ = detected wall gap · hover for details
Inputs per minute
— themad22 - - Killerqueen
Build order — themad22
First 150 of 266 actions detected
| 0:01 | Queue | Villager (Male) |
| 0:01 | Queue | Villager (Male) |
| 0:03 | Build | House |
| 0:04 | Build | House |
| 0:12 | Queue | Villager (Male) |
| 0:15 | Queue | Villager (Male) |
| 1:44 | Queue | Villager (Male) |
| 2:02 | Queue | Villager (Male) |
| 2:02 | Queue | Villager (Male) |
| 2:29 | Queue | Villager (Male) |
| 2:29 | Queue | Villager (Male) |
| 2:31 | Queue | Villager (Male) |
| 2:31 | Queue | Villager (Male) |
| 3:25 | Queue | Villager (Male) |
| 3:27 | Research | Loom |
| 3:48 | Queue | Villager (Male) |
| 3:56 | Build | House |
| 4:00 | Queue | Villager (Male) |
| 4:11 | Queue | Villager (Male) |
| 4:44 | Queue | Villager (Male) |
| 4:55 | Queue | Villager (Male) |
| 5:07 | Queue | Villager (Male) |
| 5:13 | Build | House |
| 6:10 | Queue | Villager (Male) |
| 6:25 | Build | Mill |
| 6:42 | Queue | Villager (Male) |
| 6:52 | Queue | Villager (Male) |
| 7:25 | Build | House |
| 7:32 | Queue | Villager (Male) |
| 7:38 | Build | Mule Cart |
| 7:48 | Queue | Villager (Male) |
| 7:52 | Research | Loom |
| 8:15 | Research | Feudal Age |
| 9:23 | Build | Palisade Wall |
| 9:26 | Build | Palisade Wall |
| 9:27 | Build | Palisade Wall |
| 9:35 | Build | Palisade Wall |
| 9:37 | Build | Palisade Wall |
| 9:39 | Build | Palisade Wall |
| 9:41 | Build | Palisade Wall |
| 9:44 | Build | Palisade Wall |
| 10:16 | Build | Palisade Gate |
| 10:19 | Build | Palisade Gate |
| 10:20 | Build | Palisade Wall |
| 10:43 | Build | Palisade Wall |
| 10:45 | Build | Palisade Wall |
| 10:45 | Build | Palisade Wall |
| 10:59 | Queue | Villager (Male) |
| 10:59 | Queue | Villager (Male) |
| 11:00 | Age | Feudal Age |
| 11:05 | Build | Market |
| 11:14 | Build | Blacksmith |
| 11:56 | Research | Double-Bit Axe |
| 11:57 | Research | Castle Age |
| 11:57 | Research | Castle Age |
| 11:59 | Research | Horse Collar |
| 12:54 | Queue | Villager (Male) |
| 13:11 | Build | Farm |
| 13:13 | Build | Farm |
| 13:14 | Build | Farm |
| 13:51 | Queue | Villager (Male) |
| 13:54 | Build | Farm |
| 13:56 | Build | Farm |
| 14:27 | Queue | Villager (Male) |
| 14:32 | Build | House |
| 14:37 | Age | Castle Age |
| 15:01 | Queue | Villager (Male) |
| 15:08 | Build | Monastery |
| 15:17 | Build | House |
| 15:19 | Build | House |
| 15:20 | Queue | Villager (Male) |
| 15:27 | Build | Monastery |
| 15:32 | Build | Palisade Wall |
| 15:35 | Queue | Villager (Male) |
| 15:42 | Queue | Villager (Male) |
| 16:12 | Queue | Villager (Male) |
| 16:14 | Queue | Monk |
| 16:35 | Build | Farm |
| 16:35 | Build | Farm |
| 16:42 | Build | Farm |
| 17:00 | Queue | Villager (Male) |
| 17:27 | Queue | Monk |
| 17:29 | Queue | Villager (Male) |
| 17:37 | Build | House |
| 17:42 | Build | Monastery |
| 17:58 | Research | Town Watch |
| 17:58 | Research | Wheelbarrow |
| 18:09 | Build | Farm |
| 18:14 | Queue | Monk |
| 18:27 | Queue | Villager (Male) |
| 19:08 | Queue | Villager (Male) |
| 19:27 | Queue | Monk |
| 19:28 | Build | House |
| 19:41 | Build | Town Center |
| 19:45 | Queue | Villager (Male) |
| 19:54 | Research | Sanctity |
| 19:55 | Research | Sanctity |
| 19:56 | Build | House |
| 20:00 | Queue | Villager (Male) |
| 20:17 | Build | House |
| 20:27 | Research | Fletching |
| 20:27 | Research | Fletching |
| 20:33 | Build | Farm |
| 20:34 | Build | Farm |
| 20:34 | Build | Farm |
| 20:37 | Queue | Villager (Male) |
| 20:37 | Queue | Villager (Male) |
| 20:58 | Queue | Monk |
| 20:59 | Queue | Monk |
| 21:07 | Research | Fervor |
| 21:07 | Research | Fervor |
| 21:14 | Build | Siege Workshop |
| 21:25 | Build | Monastery |
| 21:30 | Queue | Villager (Male) |
| 21:30 | Queue | Villager (Male) |
| 21:35 | Research | Gold Mining |
| 21:35 | Research | Gold Mining |
| 21:46 | Queue | Monk |
| 22:20 | Research | Bodkin Arrow |
| 22:21 | Research | Bodkin Arrow |
| 22:27 | Build | Monastery |
| 22:32 | Queue | Monk |
| 22:33 | Queue | Monk |
| 22:53 | Queue | Villager (Male) |
| 22:55 | Build | University |
| 22:57 | Queue | Villager (Male) |
| 22:57 | Queue | Villager (Male) |
| 23:32 | Build | Siege Workshop |
| 23:55 | Queue | Villager (Male) |
| 24:07 | Build | Farm |
| 24:07 | Build | Farm |
| 24:10 | Research | Masonry |
| 24:12 | Queue | Mangonel |
| 24:20 | Queue | Villager (Male) |
| 24:20 | Queue | Villager (Male) |
| 24:23 | Queue | Villager (Male) |
| 24:23 | Queue | Villager (Male) |
| 24:27 | Build | Mule Cart |
| 24:46 | Queue | Villager (Male) |
| 24:46 | Queue | Villager (Male) |
| 25:09 | Queue | Villager (Male) |
| 25:10 | Queue | Villager (Male) |
| 25:13 | Build | Barracks |
| 25:15 | Queue | Villager (Male) |
| 25:15 | Queue | Villager (Male) |
| 25:22 | Queue | Villager (Male) |
| 25:22 | Queue | Villager (Male) |
| 25:27 | Build | Town Center |
| 25:48 | Build | Stable |
| 25:49 | Build | Stable |
Build order — Killerqueen
First 150 of 226 actions detected
| 0:01 | Queue | Villager (Male) ×4 |
| 0:03 | Build | House |
| 0:05 | Build | House |
| 1:28 | Queue | Villager (Male) |
| 2:04 | Queue | Villager (Male) |
| 2:12 | Queue | Villager (Male) |
| 3:05 | Queue | Villager (Male) |
| 3:05 | Queue | Villager (Male) |
| 3:06 | Queue | Villager (Male) |
| 3:29 | Queue | Villager (Male) |
| 3:40 | Build | Lumber Camp |
| 3:42 | Queue | Villager (Male) |
| 4:25 | Queue | Villager (Male) |
| 4:26 | Queue | Villager (Male) |
| 4:26 | Queue | Villager (Male) |
| 4:28 | Build | House |
| 5:20 | Queue | Villager (Male) |
| 5:20 | Queue | Villager (Male) |
| 5:39 | Build | Mill |
| 6:35 | Build | House |
| 6:37 | Queue | Villager (Male) |
| 6:47 | Queue | Villager (Male) |
| 7:17 | Build | Barracks |
| 7:26 | Queue | Villager (Male) |
| 7:54 | Research | Feudal Age |
| 7:59 | Build | Farm |
| 8:10 | Queue | Militia |
| 8:29 | Queue | Militia |
| 8:39 | Build | House |
| 8:58 | Queue | Militia |
| 9:17 | Queue | Militia |
| 9:32 | Queue | Villager (Male) |
| 9:33 | Queue | Villager (Male) |
| 10:04 | Age | Feudal Age |
| 10:14 | Research | Man-at-Arms (upgrade) |
| 10:15 | Queue | Villager (Male) |
| 10:31 | Build | Mining Camp |
| 11:05 | Queue | Villager (Male) |
| 11:08 | Build | Mining Camp |
| 11:13 | Build | Market |
| 11:16 | Build | House |
| 11:35 | Queue | Villager (Male) |
| 11:36 | Queue | Villager (Male) |
| 11:54 | Research | Horse Collar |
| 12:09 | Build | Watch Tower |
| 12:14 | Build | Watch Tower |
| 12:18 | Queue | Militia |
| 12:18 | Queue | Militia |
| 12:18 | Queue | Militia |
| 12:21 | Queue | Villager (Male) |
| 12:38 | Queue | Villager (Male) |
| 12:45 | Build | House |
| 12:55 | Research | Loom |
| 13:00 | Queue | Militia |
| 13:00 | Queue | Militia |
| 13:20 | Queue | Villager (Male) |
| 13:20 | Queue | Villager (Male) |
| 13:26 | Queue | Villager (Male) |
| 13:27 | Queue | Villager (Male) |
| 13:42 | Build | House |
| 13:54 | Build | Mill |
| 13:57 | Queue | Villager (Male) |
| 14:06 | Build | Farm |
| 14:07 | Build | Farm |
| 14:08 | Build | Farm |
| 14:09 | Build | Farm |
| 14:10 | Build | Farm |
| 14:15 | Queue | Villager (Male) |
| 14:30 | Build | Farm |
| 14:31 | Build | Farm |
| 14:43 | Queue | Villager (Male) |
| 15:03 | Queue | Villager (Male) |
| 15:07 | Build | Farm |
| 15:33 | Build | Watch Tower |
| 15:45 | Queue | Villager (Male) |
| 16:12 | Queue | Villager (Male) |
| 16:29 | Queue | Villager (Male) |
| 16:32 | Build | Farm |
| 16:35 | Build | Farm |
| 16:38 | Build | Farm |
| 16:40 | Build | Farm |
| 16:42 | Queue | Villager (Male) |
| 17:01 | Build | House |
| 17:29 | Queue | Villager (Male) |
| 17:31 | Build | Farm |
| 17:35 | Build | Farm |
| 18:14 | Queue | Villager (Male) |
| 18:15 | Queue | Villager (Male) |
| 18:42 | Build | Blacksmith |
| 18:47 | Build | Farm |
| 19:03 | Research | Castle Age |
| 19:25 | Research | Double-Bit Axe |
| 19:43 | Build | Watch Tower |
| 19:54 | Research | Fletching |
| 19:59 | Queue | Villager (Male) |
| 20:04 | Build | Stable |
| 20:24 | Queue | Villager (Male) |
| 20:32 | Queue | Villager (Male) |
| 20:57 | Build | Stable |
| 20:59 | Queue | Scout Cavalry |
| 20:59 | Queue | Scout Cavalry |
| 21:02 | Queue | Scout Cavalry |
| 21:06 | Queue | Villager (Male) |
| 21:44 | Age | Castle Age |
| 21:49 | Queue | Scout Cavalry |
| 21:51 | Queue | Scout Cavalry |
| 21:54 | Build | House |
| 22:09 | Queue | Scout Cavalry |
| 22:09 | Queue | Scout Cavalry |
| 22:25 | Build | Siege Workshop |
| 22:28 | Queue | Scout Cavalry |
| 22:44 | Research | Light Cavalry (upgrade) |
| 22:51 | Queue | Battering Ram |
| 23:02 | Queue | Scout Cavalry |
| 23:04 | Queue | Scout Cavalry |
| 23:08 | Queue | Villager (Male) |
| 23:13 | Build | House |
| 23:14 | Build | House |
| 23:16 | Queue | Battering Ram |
| 23:35 | Queue | Villager (Male) |
| 23:36 | Queue | Villager (Male) |
| 24:01 | Queue | Battering Ram |
| 24:04 | Queue | Villager (Male) |
| 24:05 | Queue | Scout Cavalry |
| 24:20 | Queue | Scout Cavalry |
| 24:32 | Queue | Battering Ram |
| 24:56 | Queue | Villager (Male) |
| 24:56 | Queue | Villager (Male) |
| 24:57 | Queue | Villager (Male) |
| 25:11 | Queue | Battering Ram |
| 25:18 | Queue | Villager (Male) |
| 25:30 | Build | House |
| 25:45 | Queue | Scout Cavalry |
| 25:46 | Queue | Scout Cavalry |
| 26:02 | Queue | Villager (Male) |
| 26:11 | Queue | Battering Ram |
| 26:12 | Queue | Villager (Male) |
| 26:23 | Build | House |
| 26:34 | Queue | Battering Ram |
| 26:37 | Queue | Villager (Male) |
| 26:48 | Queue | Scout Cavalry |
| 26:48 | Queue | Scout Cavalry |
| 27:02 | Queue | Villager (Male) |
| 27:25 | Queue | Scout Cavalry |
| 27:25 | Queue | Scout Cavalry |
| 27:54 | Queue | Villager (Male) |
| 27:55 | Queue | Villager (Male) |
| 28:00 | Build | Town Center |
| 28:02 | Queue | Villager (Male) |
| 28:05 | Build | Town Center |
Match timeline
| 7:17 | Killerqueen · first_building Barracks |
| 9:23 | themad22 · wall_segment Palisade Wall x1 |
| 9:26 | themad22 · wall_segment Palisade Wall x1 |
| 9:27 | themad22 · wall_segment Palisade Wall x1 |
| 9:35 | themad22 · wall_segment Palisade Wall x1 |
| 9:37 | themad22 · wall_segment Palisade Wall x1 |
| 9:39 | themad22 · wall_segment Palisade Wall x1 |
| 9:41 | themad22 · wall_segment Palisade Wall x1 |
| 9:44 | themad22 · wall_segment Palisade Wall x1 |
| 10:04 | Killerqueen · age_up feudal |
| 10:20 | themad22 · wall_segment Palisade Wall x1 |
| 10:43 | themad22 · wall_segment Palisade Wall x1 |
| 10:45 | themad22 · wall_segment Palisade Wall x1 |
| 10:45 | themad22 · wall_segment Palisade Wall x1 |
| 11:00 | themad22 · age_up feudal |
| 14:37 | themad22 · age_up castle |
| 15:08 | themad22 · first_building Monastery |
| 15:32 | themad22 · wall_segment Palisade Wall x1 |
| 17:53 | Killerqueen · first_market_sell 100 stone |
| 17:54 | Killerqueen · first_market_buy 100 food |
| 20:04 | Killerqueen · first_building Stable |
| 21:14 | themad22 · first_building Siege Workshop |
| 21:44 | Killerqueen · age_up castle |
| 22:25 | Killerqueen · first_building Siege Workshop |
| 25:13 | themad22 · first_building Barracks |
| 25:48 | themad22 · first_building Stable |
| 26:31 | themad22 · first_market_buy 100 food |
| 29:13 | Killerqueen · first_building Monastery |
| 31:40 | themad22 · first_building Castle |
| 34:26 | Killerqueen · resign |
[ AI ANALYSIS · 1 CREDIT ]
What really happened in this match?
Wolo.gg analyzes every decision: build order, eco, micro, common mistakes by bracket. Personalized analysis on WhatsApp or Discord in 30 seconds.
Civ guide
Georgians
Perfil
Jugador #4380674